 Dungeon Crawl Stone Soup version 0.26-a0-638-gcca6ad1b57 (webtiles) character file.

Game seed: 8401820077680654732

93512 Murumi the Warrior (level 16, -3/183 HPs)
             Began as an Ogre Conjurer on Sept 13, 2020.
             Was a High Priest of Okawaru.
             Slain by a hell knight
             ... wielding a +0 glaive of pain
              (8 damage)
             ... on level 12 of the Dungeon on Sept 14, 2020.
             The game lasted 02:44:12 (39353 turns).

Murumi the Warrior (Ogre Conjurer)                 Turns: 39353, Time: 02:44:12

Health: -3/183     AC: 19    Str: 19    XL:     16   Next: 8%
Magic:  22/22      EV: 16    Int: 30    God:    Okawaru [*****.]
Gold:   4686       SH:  5    Dex:  7    Spells: 19/21 levels left

rFire    + . .     SeeInvis +   d - +5 whip (elec)
rCold    x x .     Faith    .   (no shield)
rNeg     . . .     Spirit   .   D - +0 fire dragon scales
rPois    +         Reflect  +   r - +2 hat {SInv}
rElec    .         Harm     +   R - +2 cloak of the Gate {Harm rPois rC- Int+10}
rCorr    .         Rampage  .   (gloves unavailable)
MR       ++...                  (boots unavailable)
Stlth    +++.......             T - amulet of reflection
HPRegen  0.40/turn              C - ring of the Shrike {rC- MR+ EV+4 Stlth+}
MPRegen  0.18/turn              u - ring of ice

@: heroism
A: large, unfitting armour, tough skin 1
a: Heroism, Finesse, Renounce Religion


You were on level 12 of the Dungeon.
You worshipped Okawaru.
Okawaru was extremely pleased with you.
You visited 4 branches of the dungeon, and saw 21 of its levels.
You also visited: Sewer, Bailey and Ice Cave.

You collected 5312 gold pieces.
You spent 626 gold pieces at shops.

Inventory:

Hand Weapons
 d - a +5 whip of electrocution (weapon)
 p - a +0 giant club
 v - a +0 dire flail
 I - a +0 giant spiked club
 N - a +2 great mace of holy wrath
Missiles
 f - 340 stones (quivered)
 j - 10 curare-tipped darts
 l - 32 large rocks
 o - 57 poisoned darts
 q - 45 boomerangs
 s - 8 silver boomerangs
 J - 3 silver javelins
 K - 22 javelins
 U - 6 boomerangs of dispersal
Armour
 r - a +2 hat of see invisible (worn)
 D - +0 fire dragon scales (worn)
 R - the +2 cloak of the Gate (worn) {Harm rPois rC- Int+10}
   (You acquired it on level 2 of the Lair of Beasts)

   It affects your intelligence (+10).
   It makes you vulnerable to cold.
   It protects you from poison.
   It increases damage dealt and taken.
Jewellery
 u - a ring of ice (right hand)
 C - the ring of the Shrike (left hand) {rC- MR+ EV+4 Stlth+}
   (You found it on level 6 of the Dungeon)

   [ring of evasion]

   It affects your evasion (+4).
   It makes you vulnerable to cold.
   It affects your resistance to hostile enchantments.
   It makes you more stealthy.
 O - an uncursed ring of poison resistance
 Q - an uncursed ring of positive energy
 T - an amulet of reflection (around neck)
Wands
 i - a wand of iceblast (35)
 m - a wand of enslavement (12)
 x - a wand of disintegration (19)
 E - a wand of paralysis (17)
 Z - a wand of digging (3)
Scrolls
 b - 6 scrolls of teleportation
 t - 3 scrolls of fear
 y - a scroll of blinking
 z - 5 scrolls of remove curse
 A - 5 scrolls of amnesia
 F - 3 scrolls of identify
 H - 4 scrolls of fog
 P - 3 scrolls of enchant armour
 S - 2 scrolls of magic mapping
Potions
 a - 3 potions of lignification
 c - 5 potions of stabbing
 e - a potion of berserk rage
 g - 10 potions of curing
 h - 8 potions of heal wounds
 n - a potion of ambrosia
 w - 3 potions of haste
 B - 3 potions of might
 G - 5 potions of flight
 M - 2 potions of resistance
 W - 3 potions of mutation
 X - a potion of cancellation
 Y - a potion of brilliance
Miscellaneous
 L - a box of beasts (3/3)
 V - a tin of tremorstones (3/3)


   Skills:
 - Level 17.0(22.0) Fighting
 + Level 10.1(15.1) Maces & Flails
 - Level 12.0(17.0) Throwing
 - Level 9.0(14.0) Armour
 - Level 10.0(15.0) Dodging
 - Level 5.0(10.0) Stealth
 - Level 3.0 Spellcasting
 - Level 4.0 Conjurations
 - Level 9.0 Invocations
 - Level 5.0 Evocations


You had 19 spell levels left.
You knew the following spells:

 Your Spells              Type           Power        Failure   Level
b - Searing Ray           Conj           ####..       5%          2

Your spell library contained the following spells:

 Spells                   Type           Power        Failure   Level
 Magic Dart               Conj           ####         3%          1
 Foxfire                  Conj/Fire      ###.         9%          1
 Beastly Appendage        Tmut           #.....       19%         1
 Corona                   Hex            #......      19%         1
 Freeze                   Ice            #...         19%         1
 Summon Small Mammal      Summ           #...         19%         1
 Dazzling Flash           Conj/Hex       ###...       24%         3
 Call Imp                 Summ           #.......     28%         2
 Ensorcelled Hibernation  Hex/Ice        #.....       28%         2
 Passwall                 Tmut/Erth      #.......     28%         2
 Swiftness                Air            #.......     28%         2
 Wereblood                Tmut           #.......     28%         2
 Call Canine Familiar     Summ           #.......     50%         3
 Confusing Touch          Hex            #.......     50%         3
 Frozen Ramparts          Ice            #.....       50%         3
 Gell's Gravitas          Tloc           #.........   50%         3
 Ozocubu's Armour         Ice            #.......     50%         3
 Portal Projectile        Hex/Tloc       #.....       50%         3
 Spider Form              Tmut/Pois      #.........   50%         3
 Summon Guardian Golem    Hex/Summ       #.......     50%         3
 Tukima's Dance           Hex            #.......     50%         3
 Fulminant Prism          Conj/Hex       ###.......   63%         4
 Hailstorm                Conj/Ice       ###.....     63%         4
 Iskenderun's Mystic Bla  Conj/Tloc      ###.....     63%         4
 Iskenderun's Battlesphe  Conj           ####....     69%         5
 Ice Form                 Ice/Tmut       #.......     88%         4
 Passage of Golubria      Tloc           N/A          88%         4
 Petrify                  Tmut/Erth      #.......     88%         4
 Summon Ice Beast         Ice/Summ       #.......     88%         4
 Summon Lightning Spire   Summ/Air       #.......     88%         4
 Fireball                 Conj/Fire      ###.......   92%         5
 Bolt of Magma            Conj/Fire/Erth ##........   97%         5
 Blade Hands              Tmut           #.........   99%         5
 Lee's Rapid Deconstruct  Erth           #.........   99%         5
 Metabolic Englaciation   Hex/Ice        #.........   99%         5
 Summon Mana Viper        Hex/Summ       #.......     99%         5
 Yara's Violent Unravell  Hex/Tmut       #.........   99%         5
 Invisibility             Hex            #.......     100%        6
 Iron Shot                Conj/Erth      ###.......   100%        6
 Malign Gateway           Summ/Tloc      #.........   100%        7
 Orb of Destruction       Conj           ####......   100%        7
 Spellforged Servitor     Conj/Summ      ###.......   100%        7


Dungeon Overview and Level Annotations

Branches:
Dungeon (12/15)            Temple (1/1) D:5            Lair (6/6) D:9
 Shoals (0/4) Lair:3       Spider (0/4) Lair:2        Slime (0/5) Lair:5
    Orc (2/2) D:11            Elf (0/3) Orc:2         Sewer (visited)
 Bailey (visited)           IceCv (visited)

Altars:
Ashenzari
Cheibriados
Dithmenos
Elyvilon
Fedhas
Gozag
Hepliaklqana
Kikubaaqudgha
Makhleb
Nemelex Xobeh
Okawaru
Qazlal
Ru
Sif Muna
Trog
Uskayaw
Vehumet
Wu Jian
Xom
Yredelemnul
Zin
The Shining One
Beogh
Jiyva

Shops:
D:4 }   D:6 }   D:9 =   Orc:2 =(?(


Innate Abilities, Weirdness & Mutations

You are too large for most types of armour.
You have tough skin. (AC +1)


Message History

The hell knight is moderately wounded.
The hell knight hits you with a +0 glaive of pain.
* * * LOW HITPOINT WARNING * * *
You writhe in agony.
* * * LOW HITPOINT WARNING * * *
You hit the hell knight.
The hell knight is moderately wounded.
You fail to use your ability.
The hell knight hits you with a +0 glaive of pain.
* * * LOW HITPOINT WARNING * * *
You writhe in agony.
* * * LOW HITPOINT WARNING * * *
You whack the hell knight!
The hell knight is heavily wounded.
You hit the hell knight.
The hell knight is heavily wounded.
The hell knight hits you with a +0 glaive of pain!
* * * LOW HITPOINT WARNING * * *
You writhe in agony!
You die...

#.+ .. ..# ..... ..h
##.####### ##..#.....
##....h....
##...##p#################
#.......@................
#########################
##.....................
##...###################
#...## #### ## ##.## #..#
#. #.# #..# ##
#.#########..#
#............#


You could see a hell knight and a hell hound.

Vanquished Creatures
  Frances (D:12)
  An orc warlord (Orc:2)
  A white draconian (IceCv)
  An ettin (Orc:1)
  2 fire dragons (Lair:6)
  Josephine (D:11)
  6 hydras
  A two-headed ogre (Orc:2)
  14 death yaks
  4 orc high priests (Orc:2)
  A hell knight (D:12)
  2 unseen horrors
  A swamp dragon (Lair:6)
  A lindwurm (Lair:6)
  Pikel (D:6)
  5 orc sorcerers
  2 cyclopes (D:11)
  A deep elf mage (D:9)
  6 orc knights
  4 oklob plants (Lair:1)
  A manticore (Lair:4)
  5 black mambas
  14 elephants
  A rust devil (D:12)
  3 centaur skeletons
  A merfolk siren (Lair:3)
  6 torpor snails
  3 gargoyles
  2 ice statues (IceCv)
  8 cane toads
  10 rime drakes (Lair:4)
  A kobold demonologist (D:9)
  11 komodo dragons
  A jumping spider (Lair:2)
  7 trolls
  Prince Ribbit (D:6)
  4 tyrant leeches (Lair:6)
  4 blink frogs (Lair:4)
  7 hornets
  15 polar bears
  Grinder (D:3)
  6 dream sheep
  15 hippogriffs
  Sigmund (D:5)
  7 redbacks (Lair:2)
  48 yaks
  6 wraiths (D:11)
  3 steam dragons (Lair:6)
  8 wyverns
  4 basilisks
  Menkaure (D:3)
  5 wargs (Orc:2)
  4 acid dragons
  A soldier ant (D:9)
  13 water moccasins
  38 orc warriors
  4 hell hounds (D:12)
  5 porcupines
  A black bear (Lair:1)
  7 necrophages
  4 ice beasts
  2 phantoms
  3 sky beasts
  12 wolves
  10 centaurs
  An eye of draining (D:11)
  15 ogres
  14 crocodiles
  A lemure (D:6)
  A big kobold (D:11)
  A gnoll sergeant (Orc:1)
  10 bullfrogs
  4 scorpions
  5 killer bees (D:10)
  8 wights
  7 howler monkeys
  3 bullfrog zombies
  4 centaur zombies
  2 jellies
  Crazy Yiuf (D:7)
  14 hounds
  32 orc priests
  16 orc wizards
  7 iguanas
  A bullfrog skeleton (D:12)
  Ijyb (D:4)
  8 worker ants
  A killer bee zombie (D:9)
  2 hound zombies
  2 hound skeletons (D:3)
  8 gnolls
  15 adders
  A howler monkey skeleton (D:8)
  4 white imps
  2 ufetubi (D:10)
  2 oozes
  An adder zombie (D:6)
  5 worms
  A dart slug (D:1)
  6 leopard geckos
  103 orcs
  4 ball pythons (Sewer)
  7 bats
  12 giant cockroaches
  10 goblins
  10 hobgoblins
  11 jackals
  12 quokkas
  10 frilled lizards
  A jackal zombie (D:7)
  11 kobolds
  A leopard gecko zombie (D:3)
  A quokka skeleton (D:9)
  11 rats
780 creatures vanquished.

Vanquished Creatures (collateral kills)
  A gargoyle (D:11)
  2 yaks (IceCv)
  A wolf (IceCv)
  An iguana (D:11)
5 creatures vanquished.

Vanquished Creatures (others)
  An iguana (Lair:6)
  A bush (D:6)
  19 fungi
  52 plants
73 creatures vanquished.

Grand Total: 858 creatures vanquished

Notes
Turn   | Place    | Note
-------+----------+-------------------------------------------
     0 | D:1      | Murumi the Ogre Conjurer began the quest for the Orb.
     0 | D:1      | Reached XP level 1. HP: 16/16 MP: 3/3
   162 | D:1      | Reached XP level 2. HP: 24/24 MP: 1/5
   199 | D:1      | Learned a level 2 spell: Searing Ray
   820 | D:1      | Reached skill level 1 in Fighting
   823 | D:1      | Reached XP level 3. HP: 32/33 MP: 7/7
  1179 | D:2      | Found a burning altar of Makhleb.
  1183 | D:2      | Reached skill level 2 in Fighting
  1183 | D:2      | Reached skill level 1 in Throwing
  1183 | D:2      | Reached skill level 1 in Maces & Flails
  1183 | D:2      | Reached XP level 4. HP: 42/42 MP: 4/8
  1465 | D:2      | Reached skill level 3 in Fighting
  1599 | D:2      | Reached XP level 5. HP: 53/53 MP: 9/9
  2243 | D:3      | Reached skill level 4 in Fighting
  2404 | D:3      | Found a basalt altar of Yredelemnul.
  2404 | D:3      | Found an ancient bone altar of Kikubaaqudgha.
  2446 | D:3      | Found a transporter.
  2448 | D:3      | Noticed Menkaure
  2470 | D:3      | Found a transporter.
  2534 | D:3      | Noticed Grinder
  2542 | D:3      | Killed Grinder
  2542 | D:3      | Reached skill level 1 in Evocations
  2542 | D:3      | Reached skill level 5 in Fighting
  2542 | D:3      | Reached XP level 6. HP: 65/66 MP: 2/10
  3056 | D:3      | Reached XP level 7. HP: 68/72 MP: 11/11
  3064 | D:3      | Reached skill level 6 in Fighting
  3363 | D:4      | Noticed Ijyb
  3373 | D:4      | Killed Ijyb
  4055 | D:4      | Identified the +3 spear of Murumi's Slow Death {flame, rN+
                  | Int+3 Dex+3}
  4438 | D:4      | Found Pouxzal's Gadget Emporium.
  4498 | D:5      | Entered Level 5 of the Dungeon
  4608 | D:5      | Noticed Sigmund
  4618 | D:5      | Killed Sigmund
  4618 | D:5      | Reached skill level 7 in Fighting
  4618 | D:5      | Reached XP level 8. HP: 87/87 MP: 7/12
  4715 | D:5      | Found a glowing drain.
  4785 | Sewer    | Entered a sewer
  5015 | Sewer    | Reached skill level 8 in Fighting
  5569 | D:5      | Found a staircase to the Ecumenical Temple.
  5574 | Temple   | Entered the Ecumenical Temple
  6822 | D:6      | Reached skill level 5 in Throwing
  7081 | D:6      | Noticed Pikel
  7092 | D:6      | Killed Pikel
  7092 | D:6      | Reached skill level 9 in Fighting
  7092 | D:6      | Reached skill level 5 in Maces & Flails
  7092 | D:6      | Reached XP level 9. HP: 98/98 MP: 13/13
  7251 | D:6      | Noticed Prince Ribbit
  7269 | D:6      | Killed Prince Ribbit
  7269 | D:6      | Reached skill level 5 in Dodging
  7309 | D:6      | Found a blossoming altar of Fedhas.
  7407 | D:6      | Found Sedaleyx's Gadget Boutique.
  7408 | D:6      | Identified a scroll of acquirement
  7408 | D:6      | Acquired 1680 gold pieces
  7413 | D:6      | Got a fine steel ring
  7414 | D:6      | Identified the ring of the Shrike {rC- MR+ EV+4 Stlth+}
                  | (You found it on level 6 of the Dungeon)
  7831 | D:6      | Reached skill level 10 in Fighting
  8021 | D:7      | Found a flagged portal.
  8030 | Bailey   | Entered a bailey
  8456 | Bailey   | Noticed an orc knight
  8732 | Bailey   | Reached XP level 10. HP: 109/109 MP: 9/14
  8867 | Bailey   | Killed an orc knight
  9155 | Bailey   | Got a pair of pitted boots
  9626 | D:7      | Found a glowing golden altar of the Shining One.
  9682 | D:7      | Found an opulent altar of Gozag.
 10000 | D:7      | Found a runed translucent door.
 10001 | D:7      | Noticed Crazy Yiuf
 10180 | D:7      | Reached skill level 1 in Armour
 10407 | D:7      | Found a snail-covered altar of Cheibriados.
 10407 | D:7      | Found a hide-covered altar of Uskayaw.
 10519 | D:7      | Killed Crazy Yiuf
 10899 | D:8      | Found a glowing silver altar of Zin.
 11698 | D:9      | Found a sacrificial altar of Ru.
 12001 | D:9      | Found a staircase to the Lair.
 12290 | D:9      | Reached skill level 5 in Armour
 12456 | D:9      | Reached skill level 11 in Fighting
 12513 | D:9      | Noticed an unseen horror
 12518 | D:9      | Killed an unseen horror
 12518 | D:9      | Reached XP level 11. HP: 35/119 MP: 15/15
 12925 | D:9      | Found an iron altar of Okawaru.
 12928 | D:9      | Found Gen Vok's Jewellery Emporium.
 12933 | D:9      | Became a worshipper of Warmaster Okawaru
 12954 | D:9      | Bought a cursed ring of teleportation for 49 gold pieces
 12954 | D:9      | Bought a cursed -4 ring of evasion for 22 gold pieces
 12954 | D:9      | Bought a cursed ring of attention for 49 gold pieces
 13128 | D:9      | Noticed a deep elf mage
 13149 | D:9      | Killed a deep elf mage
 13459 | D:3      | Killed Menkaure
 13734 | D:3      | Identified the Almanac of Displacement and the Volcanoes
 13836 | D:10     | Entered Level 10 of the Dungeon
 14113 | D:10     | Reached * piety under Okawaru
 14113 | D:10     | Reached skill level 1 in Invocations
 14473 | D:10     | Reached skill level 5 in Invocations
 14651 | D:10     | Reached ** piety under Okawaru
 15025 | D:10     | Upgraded the game from 0.26-a0-631-ged93497179 to
                  | 0.26-a0-638-gcca6ad1b57
 15094 | D:11     | Found a frozen archway.
 15104 | IceCv    | Entered an ice cave
 15472 | IceCv    | Reached *** piety under Okawaru
 15708 | IceCv    | Received a gift from Okawaru
 16360 | IceCv    | Reached XP level 12. HP: 129/129 MP: 13/16
 16580 | IceCv    | Reached skill level 12 in Fighting
 16882 | IceCv    | Noticed a white draconian
 16921 | IceCv    | Killed a white draconian
 16921 | IceCv    | Received a gift from Okawaru
 16921 | IceCv    | Reached **** piety under Okawaru
 17576 | IceCv    | Received a gift from Okawaru
 17985 | D:9      | Bought an uncursed ring of poison resistance for 220 gold
                  | pieces
 18033 | Lair:1   | Entered Level 1 of the Lair of Beasts
 18457 | Lair:1   | Noticed a six-headed hydra
 18471 | Lair:1   | Killed a six-headed hydra
 18471 | Lair:1   | Received a gift from Okawaru
 19756 | Lair:1   | Reached ***** piety under Okawaru
 20582 | Lair:2   | Received a gift from Okawaru
 20794 | Lair:2   | Reached XP level 13. HP: 126/141 MP: 17/17
 20867 | Lair:2   | Reached skill level 13 in Fighting
 21590 | Lair:2   | Received a gift from Okawaru
 21729 | Lair:2   | Found a hole to the Spider Nest.
 22292 | Lair:2   | Acquired the +2 cloak of the Gate {Harm rPois rC- Int+10}
 22997 | Lair:3   | Received a gift from Okawaru
 23406 | Lair:3   | Found a staircase to the Shoals.
 23497 | Lair:3   | Reached skill level 10 in Throwing
 23525 | Lair:3   | Received a gift from Okawaru
 24147 | Lair:4   | Received a gift from Okawaru
 24147 | Lair:4   | Reached skill level 14 in Fighting
 24219 | Lair:4   | Received a gift from Okawaru
 25108 | Lair:4   | Reached XP level 14. HP: 141/156 MP: 18/18
 26911 | Lair:4   | Received a gift from Okawaru
 27053 | Lair:4   | Reached skill level 15 in Fighting
 27977 | Lair:5   | Found a staircase to the Slime Pits.
 28039 | Lair:5   | Found a viscous altar of Jiyva.
 28654 | Lair:6   | Entered Level 6 of the Lair of Beasts
 29601 | Lair:6   | Reached skill level 10 in Maces & Flails
 29754 | Lair:6   | Acquired 610 gold pieces
 30116 | Lair:6   | Reached ****** piety under Okawaru
 30116 | Lair:6   | Received a gift from Okawaru
 30711 | Lair:6   | Reached XP level 15. HP: 167/167 MP: 20/20
 30814 | Lair:6   | Found a runed translucent door.
 30967 | Lair:6   | Reached skill level 10 in Dodging
 31485 | Lair:6   | Received a gift from Okawaru
 32315 | Lair:1   | Identified the Compendium of Hexes
 33435 | D:11     | Found a staircase to the Orcish Mines.
 33442 | D:11     | Found a roughly hewn altar of Beogh.
 33546 | D:11     | Reached skill level 16 in Fighting
 33547 | D:11     | Noticed Josephine
 33563 | D:11     | Killed Josephine
 33939 | Orc:1    | Entered Level 1 of the Orcish Mines
 34094 | Orc:1    | Received a gift from Okawaru
 34228 | Orc:1    | Reached skill level 5 in Evocations
 34526 | Orc:1    | Found a roughly hewn altar of Beogh.
 34929 | Orc:2    | Entered Level 2 of the Orcish Mines
 35426 | Orc:2    | Reached skill level 5 in Stealth
 35578 | Orc:2    | Found a staircase to the Elven Halls.
 36332 | Orc:2    | Noticed an orc warlord
 36346 | Orc:2    | Killed an orc warlord
 36555 | Orc:2    | Found Irghotwu's Antique Weapon Emporium.
 36586 | Orc:2    | Found a roughly hewn altar of Beogh.
 36716 | Orc:2    | Reached skill level 17 in Fighting
 37068 | Orc:2    | Found Ciops's Magic Scroll Boutique.
 37344 | Orc:2    | Found a roughly hewn altar of Beogh.
 37767 | Orc:2    | Found Waidadwa's Jewellery Emporium.
 37804 | Orc:2    | Bought an uncursed ring of positive energy for 260 gold
                  | pieces
 37804 | Orc:2    | Bought a cursed -4 ring of slaying for 26 gold pieces
 37812 | Orc:2    | Found Wifomij's Weapon Shoppe.
 38733 | D:12     | Noticed Frances
 38757 | D:12     | Killed Frances
 38757 | D:12     | Received a gift from Okawaru
 38757 | D:12     | Reached XP level 16. HP: 135/183 MP: 16/22
 38930 | D:12     | Found a shimmering blue altar of Sif Muna.
 39353 | D:12     | HP: 5/183 [hell knight/+0 glaive of pain (12)]
 39353 | D:12     | Slain by a hell knight

Illustrated notes

Levels and vault maps discovered:
D:1:      evilmike_arrival_crescent, layout_rooms
D:2:      layout_basic, makhleb_heckhound_becter
D:3:      minmay_bubble_buster, layout_rooms, gammafunk_temple_of_torment,
          cheibrodos_gnoll_hut, uniq_grinder
D:4:      layout_basic, serial_shops, shop, uniq_ijyb
D:5:      layout_gridville, temple_doors_e, portal_sewer_entry_a,
          small_statue_intersection, uniq_sigmund
D:6:      minmay_chambers_of_threes, layout_basic, fedhas_altar_decomposition,
          serial_shops, shop, uniq_prince_ribbit1, uniq_menkaure, uniq_pikel
D:7:      layout_loops_corners, tso_metal_star,
          gammafunk_temple_overflow_elements, enter_bailey_6,
          nicolae_gozag_seed_capital, uniq_crazy_yiuf_cottage
D:8:      layout_gridville, basic_altar
D:9:      minmay_quarter_circles, layout_basic, okawaru_gym_becter,
          lemuel_crystal_altar, lair_entry_dummy, serial_shops, shop
D:10:     layout_roguey, minmay_diced_spiral
D:11:     minmay_razor_zed, layout_irregular_city,
          minmay_orc_entry_temple_small, portal_ice_cave_entry_pillars_2,
          uniq_josephine
D:12:     mludivico_vault, layout_loops_ring, lemuel_centaur_altar, uniq_frances
Temple:   nicolae_temple_figure_eight
Lair:1:   dpeg_oklob_gauntlet, layout_layer_cave
Lair:2:   wander_river, layout_gridlike, nicolae_spider_entry_tight_spaces,
          grunt_megastairs_5, serial_bayou_shore_b
Lair:3:   beast_lair_carwin_large_2, layout_hall_layers,
          elwin_shoals_entry_rooms
Lair:4:   layout_long_grid, special_room [special_room_mythical_zoo],
          serial_bayou_shore_b
Lair:5:   layout_small_grid, slime_altar_1, serial_bayou_shore_b
Lair:6:   wormcave, layout_long_grid, guppyfry_lair_end_dragon
Orc:1:    layout_diamond_mine, basic_altar
Orc:2:    pubby_orc_utopia

Skill      XL: |  1  2  3  4  5  6  7  8  9 10 11 12 13 14 15 16 |
---------------+-------------------------------------------------+-----
Dodging        | 2 3 4 5 6 7 8 9 10 | 10.0
Conjurations   | 4 |  4.0
Spellcasting   | 3 |  3.0
Fighting       | 1 2 3 5 7 9 10 11 12 14 15 17 | 17.0
Throwing       | 1 2 3 4 5 7 8 9 10 11 12 | 12.0
Maces & Flails | 1 2 3 5 6 7 8 9 10 | 10.1
Evocations     | 1 2 3 4 5 |  5.0
Stealth        | 2 3 4 5 |  5.0
Armour         | 5 6 7 8 9 |  9.0
Invocations    | 5 6 7 8 9 |  9.0

Action                   |  1- 3 |  4- 6 |  7- 9 | 10-12 | 13-15 | 16-18 || total
-------------------------+-------+-------+-------+-------+-------+-------++-------
Melee: Whip              |    39 |   102 |   200 |   983 |  1869 |    65 ||  3258
       Punch             |       |       |       |       |    11 |       ||    11
Throw: Stone             |    47 |   104 |   341 |   213 |   860 |    32 ||  1597
       Large rock        |       |     3 |     6 |    17 |    26 |       ||    52
       Dart              |       |     1 |    29 |    40 |    20 |       ||    90
       Boomerang         |       |       |       |     6 |     1 |       ||     7
       Throwing net      |       |       |       |     1 |       |       ||     1
       Javelin           |       |       |       |       |     6 |       ||     6
 Cast: Magic Dart        |    13 |       |       |       |       |       ||    13
       Searing Ray       |     2 |     6 |    26 |     9 |       |       ||    43
Invok: Heroism           |       |       |       |     9 |    28 |     1 ||    38
       Finesse           |       |       |       |       |     9 |       ||     9
Evoke: Box of beasts     |       |       |       |     3 |       |       ||     3
       Wand              |       |       |       |       |     1 |       ||     1
  Use: Scroll            |     6 |     6 |    10 |     9 |     9 |       ||    40
       Potion            |       |       |       |     4 |     2 |       ||     6
 Stab: Sleeping          |       |     1 |       |     1 |     8 |       ||    10
       Distracted        |       |       |     1 |       |     1 |       ||     2
Armor: Robe              |    13 |    35 |    66 |       |       |       ||   114
       Fire dragon scale |       |       |       |   331 |   430 |     8 ||   769
Dodge: Dodged            |    18 |    40 |   102 |   423 |   702 |    29 ||  1314
Block: Other             |       |       |       |       |   167 |    11 ||   178
       Reflection        |       |       |       |       |     3 |     4 ||     7

Table legend: (Time is in decaauts)
 A = Elapsed time spent in this place.
 B = Non-inter-level travel time spent in this place.
 C = Inter-level travel time spent in this place.
 D = Time resting spent in this place.
 E = Time spent auto-exploring this place.
 F = Levels seen in this place.
 G = Mean time per level.
                   A        B        C        D        E       F      G
               +--------+--------+--------+--------+--------+-----+--------+
         Total |  38109 |  36009 |   2100 |   2106 |  27375 |  24 | 1587.9 |
       Dungeon |  15577 |  14238 |   1339 |    272 |  11240 |  12 | 1298.1 |
        Temple |    199 |    187 |     12 |      0 |    187 |   1 |  199.0 |
          Lair |  13582 |  13011 |    571 |   1174 |  10081 |   6 | 2263.7 |
  Orcish Mines |   4093 |   3916 |    177 |     84 |   2931 |   2 | 2046.5 |
         Sewer |    752 |    752 |      0 |      0 |    594 |   1 |  752.0 |
        Bailey |   1234 |   1234 |      0 |    166 |    699 |   1 | 1234.0 |
      Ice Cave |   2670 |   2670 |      0 |    407 |   1641 |   1 | 2670.0 |
               +--------+--------+--------+--------+--------+-----+--------+

Top non-repeatable levels by time:
  Lair:4: 3176 daAuts
   Orc:2: 3027 daAuts
  Lair:6: 2929 daAuts
  Lair:1: 2763 daAuts
   IceCv: 2670 daAuts
     D:9: 2122 daAuts
  Lair:2: 1911 daAuts
  Lair:5: 1730 daAuts
    D:11: 1506 daAuts
     D:6: 1380 daAuts
     D:7: 1370 daAuts
     D:4: 1354 daAuts
     D:3: 1348 daAuts
  Bailey: 1234 daAuts
     D:5: 1198 daAuts
